 Dungeon Crawl Stone Soup version 0.28.0-53-g5a82cb258f (webtiles) character file.

Game seed: 5892470553706891336

256 safid the Chopper (level 6, 0/52 HPs)
             Began as a Hill Orc Fighter on Aug 2, 2022.
             Slain by an orc
             ... wielding a +3 trident
              (3 damage)
             ... on level 4 of the Dungeon.
             The game lasted 00:03:57 (4071 turns).

safid the Chopper (Hill Orc Fighter)                Turns: 4071, Time: 00:03:58

Health: 0/52       AC:  8    Str: 21    XL:     6   Next: 16%
Magic:  6/6        EV:  9    Int:  8    God:
Gold:   103        SH:  4    Dex: 10    Spells: 5/5 levels left

rFire   . . .      SeeInvis .   a - +0 war axe
rCold   . . .      Faith    .   c - +0 buckler
rNeg    . . .      Spirit   .   b - +0 scale mail
rPois   .          Reflect  .   (no helmet)
rElec   .          Harm     .   (no cloak)
rCorr   .          Rampage  .   h - +0 pair of gloves
Will    .....                   (no boots)
Stlth   ..........              (no amulet)
HPRegen 0.17/turn               (no ring)
MPRegen 0.10/turn               (no ring)

@: mighty, lethally poisoned (0 -> -13), flying
A: no striking features
a: no special abilities


You were on level 4 of the Dungeon.
You visited 1 branch of the dungeon, and saw 4 of its levels.

You collected 103 gold pieces.

Inventory:

Hand Weapons
 a - a +0 war axe (weapon)
Missiles
 f - 5 poisoned darts (quivered)
Armour
 b - a +0 scale mail (worn)
 c - a +0 buckler (worn)
 h - a +0 pair of gloves (worn)
Jewellery
 k - a ring of wizardry
Scrolls
 e - 2 scrolls of torment {unknown}
 g - a scroll of summoning {unknown}
 l - a scroll of identify {unknown}
Potions
 d - 2 potions of might
 i - a potion of flight


   Skills:
 - Level 4.0 Fighting
 + Level 7.1 Axes
 - Level 4.0 Armour
 - Level 4.0 Shields


You had 5 spell levels left.
You didn't know any spells.
Your spell library contained the following spells:

 Spells                   Type           Power      Damage    Failure   Level
 Gell's Gravitas          Tloc           0%         N/A       99%         3
 Lesser Beckoning         Tloc           0%         N/A       99%         3
 Teleport Other           Tloc           0%         N/A       99%         3


Dungeon Overview and Level Annotations

Branches:
Dungeon (4/15)
 Temple: D:4-7

Altars:


Message History

The orc wizard shouts!
You slash the water moccasin!
The water moccasin is severely wounded.
The water moccasin closely misses you. The orc closely misses you.
Unknown command.
You barely miss the water moccasin.
The water moccasin is severely wounded.
The water moccasin bites you but does no damage.
The orc barely misses you. The water moccasin bites you.
* * * LOW HITPOINT WARNING * * *
You are lethally poisoned!
The water moccasin poisons you!
You barely miss the water moccasin.
The water moccasin is severely wounded.
* * * LOW HITPOINT WARNING * * *
You feel very sick. You block the water moccasin's attack.
The orc completely misses you.
The orc wizard points at you and mumbles some strange words.
The puff of flame hits you.
* * * LOW HITPOINT WARNING * * *
It was a potion of flight.
You feel very buoyant.
You fly up into the air.
* * * LOW HITPOINT WARNING * * *
You feel sick. You block the water moccasin's attack.
You block the orc's attack. The water moccasin bites you.
* * * LOW HITPOINT WARNING * * *
It was a potion of curing.
You feel better. The orc misses you. The water moccasin bites you.
* * * LOW HITPOINT WARNING * * *
You are lethally poisoned!
The water moccasin poisons you!
The orc wizard gestures at you while chanting.
You resist with some effort.
You slash the water moccasin!
You kill the water moccasin!
* * * LOW HITPOINT WARNING * * *
You feel very sick.
The orc hits you from afar with a +3 trident.
You die...

########..............
.........o#.#...##.#.#
#########o#.#..## .#
#.##.#.#.## #
#...o#.#.# #.#..#o#.#
#.#..#.#?# #.#.o#.#
#..oo.@# ########.#
.........# ##########


You could see an orc wizard and 3 orcs.

Vanquished Creatures
  A water moccasin (D:4)
  A water moccasin skeleton (D:4)
  Terence (D:2)
  An orc wizard (D:3)
  6 adders
  A worm (D:3)
  A dart slug (D:2)
  4 orcs (D:3)
  A bat (D:1)
  13 endoplasms
  2 giant cockroaches
  A goblin (D:3)
  8 hobgoblins
  12 jackals
  6 quokkas
  8 ball pythons
  2 frilled lizards (D:1)
  15 kobolds
  10 rats
94 creatures vanquished.

Vanquished Creatures (others)
  A fungus (D:1)
1 creature vanquished.

Grand Total: 95 creatures vanquished

Notes
Turn   | Place    | Note
-------+----------+-------------------------------------------
     0 | D:1      | safid the Hill Orc Fighter began the quest for the Orb.
     0 | D:1      | Reached XP level 1. HP: 19/19 MP: 1/1
   665 | D:1      | Found a faded altar of an unknown god.
   672 | D:1      | Reached skill level 3 in Axes
   672 | D:1      | Reached XP level 2. HP: 26/27 MP: 2/2
  1055 | D:1      | Reached XP level 3. HP: 31/33 MP: 3/3
  1537 | D:2      | Noticed Terence
  1781 | D:2      | Killed Terence
  1782 | D:2      | Reached XP level 4. HP: 31/40 MP: 4/4
  1904 | D:2      | Reached skill level 4 in Axes
  2574 | D:2      | Reached skill level 5 in Axes
  2940 | D:2      | Reached XP level 5. HP: 46/46 MP: 5/5
  3517 | D:3      | Reached skill level 6 in Axes
  3920 | D:4      | Reached skill level 7 in Axes
  3920 | D:4      | Reached XP level 6. HP: 50/52 MP: 6/6
  4042 | D:4      | Noticed a water moccasin
  4069 | D:4      | HP: 2/52 [water moccasin (2)]
  4071 | D:4      | Killed a water moccasin
  4071 | D:4      | Slain by an orc

Illustrated notes

Levels and vault maps discovered:
D:1:      dpeg_arrival_ternary, layout_basic, dreamdust_ecumenical_altar_grove,
          serial_rivers, chequers_serial_rivers_large_b,
          chequers_serial_rivers_micro_a, chequers_serial_rivers_micro_a,
          chequers_serial_rivers_small_b, chequers_serial_rivers_micro_b,
          chequers_serial_rivers_micro_a
D:2:      minmay_evil_eye, layout_basic, chequers_serial_rivers_micro_d,
          uniq_terence
D:3:      layout_loops_ring, hangedman_feature_mirror,
          minmay_misc_feat_diagonals
D:4:      layout_basic, gammafunk_ghost_icy, wad_floor_pattern_1,
          glass_columns_a, lightli_corner_chamber, uniq_sigmund

Skill      XL: |  1  2  3  4  5 |
---------------+----------------+-----
Axes           | 3 5 7 |  7.1
Fighting       | 4 |  4.0
Armour         | 4 |  4.0
Shields        | 4 |  4.0

Action                   |  1- 3 |  4- 6 || total
-------------------------+-------+-------++-------
Melee: War axe           |    84 |   175 ||   259
  Use: Potion            |       |     3 ||     3
Armor: Scale mail        |    48 |    78 ||   126
Dodge: Dodged            |    32 |    78 ||   110
Block: Buckler           |    16 |    36 ||    52
